 Dungeon Sprint DCSS version 0.27.1-1-g398f81649c (webtiles) character file.

Game seed: 8411169251022802151

6688 szrap the Blocker (level 11, 0/72 HPs)
             Began as a Gargoyle Fighter on Sept 16, 2021.
             Was an Initiate of Gozag.
             Slain by Voheamny the pandemonium lord (1 damage)
             ... in the Dungeon (Sprint V: "Ziggurat Sprint").
             The game lasted 00:11:45 (1400 turns).

szrap the Blocker (Gargoyle Fighter)                Turns: 1400, Time: 00:11:46

Health: 0/72       AC: 33    Str: 19    XL:     11   Next: 3%
Magic:  23/23      EV:  0    Int: 11    God:    Gozag
Gold:   2731       SH:  0    Dex:  7    Spells: 26/27 levels left

rFire    + + .     SeeInvis .   F - +6 shillelagh "Devastator" {shatter}
rCold    + + .     Faith    .   G - +18 shield of the Gong {rElec rN+ Will+ EV-5}
rNeg     + + .     Spirit   .   D - +5 crystal plate armour
rPois    ∞         Reflect  .   (no helmet)
rElec    +         Harm     .   (no cloak)
rCorr    +         Rampage  .   (no gloves)
Will     +....     NoTele   +   (no boots)
Stlth    ..........             H - amulet of magic regeneration
HPRegen  0.22/turn              P - ring of protection from cold
MPRegen  0.43/turn              N - ring of protection from fire

@: confused, mighty, resistant, hasted, studying Transmutations, very quick
A: sickness immunity, AC +8, negative energy resistance 1, electricity
resistance, torment resistance 1, petrification resistance, [clumsy 1], [weak
1], [no potion heal 1]
a: Renounce Religion, Potion Petition, Call Merchant, Bribe Branch


You were in the Dungeon.
You worshipped Gozag.
Gozag was most pleased with you.
You visited 1 branch You collected 4356 gold pieces.
You paid 1625 gold pieces to Gozag.

Inventory:

Hand Weapons
 a - a +0 flail
 E - the +7 great mace "Firestarter" {inner flame, rF++}
   (You found it in the Dungeon)

   It burns those it strikes, dealing additional fire damage.
   It fills those it strikes with an explosive inner flame.
   It grants immunity to clouds of flame.
   rF:        It greatly protects you from fire.
 F - the +6 shillelagh "Devastator" (weapon) {shatter}
   (You found it in the Dungeon)

   It releases a powerful concussive burst when it strikes, dealing extra damage
   to the target and all other foes adjacent to them.
Missiles
 c - a throwing net (quivered)
Armour
 D - a +5 crystal plate armour (worn)
 G - the +18 shield of the Gong (worn) {rElec rN+ Will+ EV-5}
   (You found it in the Dungeon)

   It is deafeningly noisy when blocking attacks.
   EV:        It affects your evasion (-5).
   rElec:     It insulates you from electricity.
   rN:        It protects you from negative energy.
   Will:      It increases your willpower.
Jewellery
 t - a ring of flight
 u - a +6 ring of dexterity
 H - an amulet of magic regeneration (around neck)
 K - an amulet of the acrobat
 L - the ring of Free Expression {EV+4 Dex+7}
   (You found it in the Dungeon)

   [ring of evasion]

   EV:        It affects your evasion (+4).
   Dex:       It affects your dexterity (+7).
 M - a +4 ring of evasion
 N - a ring of protection from fire (right hand)
 O - a +4 ring of slaying
 P - a ring of protection from cold (left hand)
Wands
 A - a wand of mindburst (7)
 B - a wand of iceblast (7)
 C - a wand of acid (7)
Scrolls
 j - 4 scrolls of blinking
 o - 4 scrolls of amnesia
 p - 8 scrolls of fog
 q - a scroll of holy word
 r - 5 scrolls of identify
 s - 2 scrolls of fear
 J - 4 scrolls of enchant weapon
Potions
 d - 6 potions of might
 e - 10 potions of curing
 f - 9 potions of heal wounds
 g - 14 potions of haste
 h - 7 potions of magic
 i - 3 potions of berserk rage
 k - 2 potions of brilliance
 l - 2 potions of invisibility
 m - 4 potions of resistance
 n - a potion of experience


   Skills:
 * Level 10.0 Fighting
 * Level 11.6 Maces & Flails
 + Level 10.3 Armour
 * Level 8.1 Dodging
 + Level 13.1 Shields
 * Level 8.7 Spellcasting
 * Level 4.8 Translocations
 * Level 8.8 Transmutations


You had 26 spell levels left.
You knew the following spells:

 Your Spells              Type           Power      Damage    Failure   Level
a - Apportation           Tloc           30%        N/A       97%         1

Your spell library contained the following spells:

 Spells                   Type           Power      Damage    Failure   Level
 Passwall                 Tmut/Erth      11%        N/A       99%         2
 Animate Skeleton         Necr           8%         N/A       100%        1
 Corona                   Hex            4%         N/A       100%        1
 Freeze                   Ice            16%        1d4       100%        1
 Sandblast                Erth           8%         2d5       100%        1
 Shock                    Conj/Air       16%        1d4       100%        1
 Summon Small Mammal      Summ           16%        N/A       100%        1
 Static Discharge         Conj/Air       4%         N/A       100%        2
 Call Canine Familiar     Summ           4%         N/A       100%        3
 Conjure Flame            Conj/Fire      4%         6-21      100%        3
 Ignite Poison            Fire/Tmut/Pois 11%        N/A       100%        3
 Portal Projectile        Hex/Tloc       20%        N/A       100%        3
 Tukima's Dance           Hex            4%         N/A       100%        3
 Leda's Liquefaction      Hex/Erth       2%         N/A       100%        4
 Sticky Flame             Conj/Fire      4%         2d3       100%        4
 Blade Hands              Tmut           12%        N/A       100%        5
 Borgnjor's Vile Clutch   Necr/Erth      2%         N/A       100%        5
 Irradiate                Conj/Tmut      7%         3d16      100%        5
 Metabolic Englaciation   Hex/Ice        2%         N/A       100%        5
 Dragon Form              Tmut           12%        N/A       100%        7
 Polar Vortex             Ice            2%         N/A       100%        9


Dungeon Overview and Level Annotations

Branches:
Dungeon (1/1)

Altars:
Ashenzari
Cheibriados
Dithmenos
Elyvilon
Fedhas
Gozag
Hepliaklqana
Kikubaaqudgha
Makhleb
Nemelex Xobeh
Okawaru
Qazlal
Ru
Sif Muna
Trog
Uskayaw
Vehumet
Wu Jian
Xom
Yredelemnul
Zin
The Shining One
Beogh
Jiyva
Lugonu

Annotations:
D 1 transporter


Innate Abilities, Weirdness & Mutations

You are immune to sickness and miasma.
Your stone body is resilient. (AC +8)
You are immune to poison.
You resist negative energy. (rN+)
You are resistant to electric shocks. (rElec)
You are resistant to unholy torment.
You are immune to petrification.
[You are clumsy. (Dex -2)]
[You are weak. (Str -2)]
[Potions are less effective at restoring your health.]


Message History

You resist.
Found a transporter.
Zuroogi gestures.
You are confused.
You completely miss Bigog.
Jius blinks!
Bigog gestures.
Voheamny hits you! Voheamny freezes you.
Unknown command.
You completely miss Bigog.
The soul eater disappears in a puff of smoke!
Silussi hits you.
Zuroogi gestures.
You are more confused.
Unknown command.
You hit Voheamny but do no damage. Voheamny hits you but does no damage.
Bigog hits you but does no damage. Silussi gestures at you.
You feel haunted.
Jius blinks!
The hellwing swoops through the air toward you!
The hellwing hits you but does no damage. x2
Voheamny hits you but does no damage.
You hit Silussi but do no damage. Bigog hits you!
Unknown command.
You hit the hellwing.
The hellwing and the balrug shudder.
The balrug is lightly wounded.
The wraith is lightly damaged.
The hellwing is lightly wounded.
Silussi hits you. Voheamny hits you!
* * * LOW HITPOINT WARNING * * *
Voheamny freezes you.
* * * LOW HITPOINT WARNING * * *
Bigog completely misses you. The hellwing hits you.
* * * LOW HITPOINT WARNING * * *
The hellwing hits you but does no damage.
The wraith hits you but does no damage.
You hit Silussi but do no damage. Silussi hits you but does no damage.
Voheamny hits you!
* * * LOW HITPOINT WARNING * * *
Voheamny freezes you.
You die...
Your body crumbles into a pile of gold.

▓...8©8§..▓...8©8...▓..
▓..|[):}}.▓..)|..}..▓..
▓..:}):)..▓..[}.))..▓..
▓.........▓.........▓..
▓....3....▓.........▓..
▓..2443...▓.........▓..
▓...3.2W..▓.........▓..
▓..▓&&&▓&.▓.....|.=.▓.▓
▓...24@.§.▓.▓.....▓.▓..
▓....©W.§.▓....©....▓▓▓
▓▓▓▓▓▓▓▓▓▓▓▓▓▓▓▓▓▓▓▓▓


You could see Bigog, Jius, Silussi, Voheamny, a balrug, a green death, a
blizzard demon, a phantasmal warrior (summoned), a hellwing, an ice devil, 2
neqoxecs, a ynoxinul, a chaos spawn (summoned) and a wraith (summoned).

Vanquished Creatures
  A wretched star (D)
  A wizard (D)
  An apocalypse crab (D)
  3 naga magi (D)
  An ancient zyme (D)
  4 merfolk (D)
  A hornet (D)
  6 spriggans (D)
  A shadow (D)
  A ynoxinul (D)
  A yak (D)
  4 nagas (D)
  A water moccasin (D)
  6 black bears (D)
  5 wolves (D)
  4 quasits (D)
  An orc priest (D)
  2 iron imps (D)
  An orc wizard (D)
  4 adders (D)
  A river rat (D)
  3 white imps (D)
  4 ufetubi (D)
  3 orcs (D)
  4 ball pythons (D)
64 creatures vanquished.

Vanquished Creatures (others)
  An adder (D)
1 creature vanquished.

Grand Total: 65 creatures vanquished

Notes
Turn   | Place    | Note
-------+----------+-------------------------------------------
     0 | D        | szrap the Gargoyle Fighter began the quest for the Orb.
     0 | D        | Reached XP level 1. HP: 14/14 MP: 1/1
     0 | D        | Found a shimmering blue altar of Sif Muna.
     0 | D        | Found a sacrificial altar of Ru.
     0 | D        | Found a bloodstained altar of Trog.
     0 | D        | Found a stormy altar of Qazlal.
     0 | D        | Found an iron altar of Okawaru.
     0 | D        | Found a sparkling altar of Nemelex Xobeh.
     0 | D        | Found a blossoming altar of Fedhas.
     0 | D        | Found the +6 Majin-Bo {vamp, MP+6 Int+6}
     0 | D        | Found the +9 heavy crossbow "Sniper" {vorpal, Acc+∞ SInv}
     0 | D        | Found the +10 dark maul {vorpal}
     0 | D        | Found the +15 Maxwell's patent armour {-Cast -Tele rElec
                  | Will+ rCorr}
     0 | D        | Found the +18 shield of the Gong {rElec rN+ Will+ EV-5}
     0 | D        | Found the +14 obsidian axe {vorpal, Drain Fly SInv}
     0 | D        | Found the +7 great mace "Firestarter" {inner flame, rF++}
     0 | D        | Found the +6 shillelagh "Devastator" {shatter}
     0 | D        | Found the +11 plutonium sword {Contam Stlth-}
     0 | D        | Found the +8 lance "Wyrmbane" {slay drac, rPois rF+ rC+
                  | AC+3}
     0 | D        | Found the +9 sword of Zonguldrok {reap}
     0 | D        | Found the +13 scythe of Curses {drain, Drain}
     0 | D        | Found the +5 sword of Power {vorpal}
     0 | D        | Found the +7 mace of Variability {chain chaos}
     0 | D        | Found the +7 Singing Sword {vorpal, sonic wave}
     0 | D        | Found the +8 storm bow {elec, penet}
     2 | D        | Found a transporter.
     2 | D        | Found an ancient bone altar of Kikubaaqudgha.
     2 | D        | Found a viscous altar of Jiyva.
     2 | D        | Found a corrupted altar of Lugonu.
     2 | D        | Found a hazy altar of Hepliaklqana.
     2 | D        | Found a burning altar of Makhleb.
     2 | D        | Found an opulent altar of Gozag.
   112 | D        | Became a worshipper of Gozag Ym Sagoz the Greedy
   121 | D        | Entered arena 2.
   121 | D        | Noticed a yak
   121 | D        | Found a transporter.
   124 | D        | Reached skill level 1 in Dodging
   124 | D        | Reached skill level 1 in Spellcasting
   124 | D        | Reached XP level 2. HP: 9/20 MP: 1/3
   125 | D        | Killed a yak
   126 | D        | Reached skill level 5 in Fighting
   126 | D        | Reached skill level 5 in Shields
   126 | D        | Reached XP level 3. HP: 13/27 MP: 1/7
   126 | D        | Reached XP level 4. HP: 16/32 MP: 1/9
   126 | D        | Reached XP level 5. HP: 18/36 MP: 1/10
   284 | D        | Entered arena 3.
   284 | D        | Noticed a wolf
   284 | D        | Noticed a black bear
   284 | D        | Noticed a spriggan
   284 | D        | Found a transporter.
   286 | D        | Killed a wolf
   287 | D        | Reached skill level 6 in Shields
   287 | D        | Reached XP level 6. HP: 42/42 MP: 10/12
   287 | D        | Killed a black bear
   287 | D        | Killed a spriggan
   288 | D        | Reached skill level 5 in Maces & Flails
   288 | D        | Reached skill level 7 in Shields
   288 | D        | Reached skill level 5 in Spellcasting
   288 | D        | Reached XP level 7. HP: 48/48 MP: 10/14
   298 | D        | Got the Guide on Curses
   320 | D        | Entered arena 4.
   320 | D        | Found a transporter.
   342 | D        | Entered arena 5.
   342 | D        | Noticed a merfolk
   342 | D        | Noticed a merfolk
   342 | D        | Noticed a merfolk
   342 | D        | Noticed a merfolk
   342 | D        | Found a transporter.
   349 | D        | Killed a merfolk
   350 | D        | Reached skill level 5 in Dodging
   350 | D        | Reached skill level 8 in Shields
   357 | D        | Killed a merfolk
   358 | D        | Reached XP level 8. HP: 16/54 MP: 16/16
   358 | D        | Killed a merfolk
   359 | D        | Reached skill level 9 in Shields
   360 | D        | Killed a merfolk
   586 | D        | Entered arena 6.
   586 | D        | Found a transporter.
   616 | D        | Entered arena 7.
   616 | D        | Noticed a spriggan
   616 | D        | Noticed a spriggan
   617 | D        | Found a transporter.
   624 | D        | Killed a spriggan
   625 | D        | Reached skill level 10 in Shields
   625 | D        | Reached skill level 5 in Transmutations
   625 | D        | Reached XP level 9. HP: 45/60 MP: 17/19
   663 | D        | Learned a level 1 spell: Apportation
   822 | D        | Entered arena 8.
   822 | D        | Found the +7 captain's cutlass {speed, disarm}
   822 | D        | Noticed a naga mage
   822 | D        | Noticed a naga mage
   822 | D        | Noticed a naga mage
   824 | D        | Found a transporter.
   830 | D        | Killed a naga mage
   831 | D        | Reached skill level 1 in Translocations
   831 | D        | Killed a naga mage
   832 | D        | Reached skill level 11 in Shields
   833 | D        | Killed a naga mage
   862 | D        | Got the Disquisition on Congealing Flight
   864 | D        | Entered arena 9.
   865 | D        | Found a transporter.
   868 | D        | Reached skill level 10 in Maces & Flails
   868 | D        | Reached XP level 10. HP: 66/66 MP: 21/21
   891 | D        | Entered arena 10.
   891 | D        | Noticed a spriggan rider
   892 | D        | Found a transporter.
   898 | D        | Reached skill level 12 in Shields
   899 | D        | Reached skill level 10 in Armour
   928 | D        | Got the ring of Free Expression {EV+4 Dex+7}
   964 | D        | Entered arena 11.
   964 | D        | Noticed a wizard
   965 | D        | Found a transporter.
   973 | D        | Killed a wizard
  1000 | D        | Got the Catalogue of Earthen Snow
  1052 | D        | Entered arena 12.
  1052 | D        | Noticed a wretched star
  1053 | D        | Noticed an apocalypse crab
  1054 | D        | Found a transporter.
  1068 | D        | Killed an apocalypse crab
  1069 | D        | Reached skill level 13 in Shields
  1070 | D        | Killed a wretched star
  1071 | D        | Reached skill level 10 in Fighting
  1071 | D        | Reached XP level 11. HP: 27/72 MP: 23/23
  1390 | D        | Entered arena 13.
  1390 | D        | Noticed a blizzard demon
  1390 | D        | Noticed Bigog the pandemonium lord
  1390 | D        | Noticed Zuroogi the pandemonium lord
  1390 | D        | Noticed a green death
  1390 | D        | Noticed a balrug
  1390 | D        | Noticed Jius the pandemonium lord
  1391 | D        | Noticed Silussi the pandemonium lord
  1391 | D        | Noticed Voheamny the pandemonium lord
  1393 | D        | Found a transporter.
  1395 | D        | Noticed a soul eater
  1397 | D        | Noticed a phantasmal warrior
  1400 | D        | HP: 1/72 [Voheamny the pandemonium lord (10)]
  1400 | D        | Slain by Voheamny the pandemonium lord

Illustrated notes

Levels and vault maps discovered:
D:        sprint_v [room_start, room_1, room_2, room_3, room_4, room_5, room_6,
          room_7, room_8, room_9, room_10, room_11, room_12, room_13, room_14,
          room_15, room_16, room_17, room_18, room_19, room_20, room_21,
          room_22, room_23, room_24, room_25, room_26, room_27]

Skill      XL: |  1  2  3  4  5  6  7  8  9 10 |
---------------+-------------------------------+-----
Dodging        | 1 3 4 5 6 7 8 |  8.1
Spellcasting   | 1 3 4 5 6 7 8 |  8.7
Fighting       | 5 6 7 8 9 10 | 10.0
Maces & Flails | 4 5 7 8 10 11 | 11.6
Armour         | 6 7 8 9 10 | 10.3
Shields        | 5 6 7 8 10 11 13 | 13.1
Transmutations | 3 5 7 8 |  8.8
Translocations | 2 4 |  4.8

Action                   |  1- 3 |  4- 6 |  7- 9 | 10-12 || total
-------------------------+-------+-------+-------+-------++-------
Melee: Shillelagh        |     3 |     2 |    59 |    36 ||   100
       Great mace        |       |       |       |    18 ||    18
Invok: Potion Petition   |       |       |     1 |     2 ||     3
  Use: Potion            |       |       |     1 |       ||     1
 Stab: Distracted        |       |       |     1 |       ||     1
Armor: Crystal plate arm |       |       |    51 |    48 ||    99
Dodge: Dodged            |       |       |     3 |     8 ||    11
Block: Kite shield       |     3 |     3 |   117 |    48 ||   171
